 Dungeon Crawl Stone Soup version 0.17.1-3-g152610e (webtiles) character file.

48 FrancescoMac the Shield-Bearer (level 4, 0/37 HPs)
             Began as a Formicid Fighter on Mar 1, 2016.
             Was an Initiate of Ru.
             Slain by a bat (1 damage)
             ... on level 2 of the Dungeon.
             The game lasted 00:04:46 (1044 turns).

FrancescoMac the Shield-Bearer (Formicid Fighter)   Turns: 1044, Time: 00:04:46

Health: 0/37       AC:  7    Str: 22    XL:     4   Next: 0%
Magic:  4/4        EV:  8    Int: 12    God:    Ru [......]
Gold:   28         SH:  9    Dex: 10    Spells: 0 memorised, 3 levels left

rFire  . . .     SeeInvis +     a - +0 war axe
rCold  . . .     Clarity  .     b - +0 scale mail
rNeg   . . .     SustAt   .     c - +0 shield
rPois  .         Gourm    .     (helmet unavailable)
rElec  .         Spirit   .     (no cloak)
rCorr  .         Warding  .     (no gloves)
rMut   .         Stasis   +     (no boots)
MR     .....                    (no amulet)
Stlth  ..........               (no ring)
                                (no ring)

@: brilliant, lethally poisoned (0 -> -4), very slightly contaminated,
invisible, not resistant to hostile enchantments, extremely unstealthy
A: permanent stasis, dig shafts and tunnels, four strong arms, antennae 3
a: Dig, Shaft Self, Renounce Religion


You were on level 2 of the Dungeon.
You worshipped Ru.
Ru was noncommittal.
You were not hungry.

You visited 1 branch of the dungeon, and saw 2 of its levels.

You collected 28 gold pieces.

Inventory:

Hand Weapons
 a - a +0 war axe (weapon)
Armour
 b - a +0 scale mail (worn)
 c - a +0 shield (worn)
 o - a +2 cloak
Scrolls
 i - a scroll of identify {unknown}
 k - a scroll of teleportation {unknown}
 m - a scroll of recharging {unknown}
 q - a scroll of fear {unknown}
Potions
 d - a potion of might
Comestibles
 e - a bread ration
 f - 2 fruits
 g - a meat ration
 n - a slice of pizza
 p - 6 chunks of flesh


   Skills:
 + Level 3.8 Fighting
 + Level 2.6 Axes
 + Level 3.8 Armour
 + Level 4.0 Shields


You had 3 spell levels left.
You didn't know any spells.

Dungeon Overview and Level Annotations

Branches:
Dungeon (2/15)

Altars:
Ru


Innate Abilities, Weirdness & Mutations

You are under a permanent stasis effect.
You can dig through walls and to a lower floor.
Your four strong arms can wield two-handed weapons with a shield.
You have a pair of large antennae on your head (SInv).


Message History

* * * LOW HITPOINT WARNING * * *
You feel sick. The bat barely misses you.
You closely miss the bat.
* * * LOW HITPOINT WARNING * * *
You feel sick. You block the bat's attack. The bat barely misses you.
* * * LOW HITPOINT WARNING * * *
You feel sick. The bat hits you but does no damage.
* * * LOW HITPOINT WARNING * * *
You feel sick. The bat closely misses you. You block the bat's attack.
* * * LOW HITPOINT WARNING * * *
You feel sick. The bat hits you.
* * * LOW HITPOINT WARNING * * *
* * * LOW HITPOINT WARNING * * *
You feel sick. You block the bat's attack. The bat barely misses you.
You miss the bat.
* * * LOW HITPOINT WARNING * * *
You feel sick. The bat hits you.
You die...

#..? #####..... #..# ##.
...#.#.##.#..# ...
#.......#..... ...
###..#<#.......#..##. #
#......#.... .#.....
#.##.#..####.# ...?...
#........÷...####.......
####.#####.....b@# #.#
#.......# ###.#
#.....>.# #...#
#.......# #...#
#.......#
##...#####.....†.#
.......##........#
.##.##.##..##.......#
.##.##.##.. ###..##.#


You could see a bat.

Vanquished Creatures
  An adder (D:2)
  A worm (D:2)
  A ball python (D:2)
  7 bats
  A giant cockroach (D:2)
  5 goblins
  5 hobgoblins
  7 kobolds
  A giant newt (D:1)
  2 rats (D:1)
31 creatures vanquished.

Notes
Turn   | Place    | Note
--------------------------------------------------------------
     0 | D:1      | FrancescoMac the Formicid Fighter began the quest for the Orb.
     0 | D:1      | Reached XP level 1. HP: 18/18 MP: 1/1
   209 | D:1      | Reached XP level 2. HP: 24/24 MP: 2/2
   655 | D:1      | Reached XP level 3. HP: 29/29 MP: 3/3
   868 | D:2      | Found a sacrificial altar of Ru.
   882 | D:2      | Became a worshipper of Ru the Awakened
  1031 | D:2      | Reached skill level 4 in Shields
  1031 | D:2      | Reached XP level 4. HP: 13/37 MP: 4/4
  1044 | D:2      | HP: 1/37 [poisoned by an adder]
  1044 | D:2      | Slain by a bat

Action                   |  1- 3 |  4- 6 || total
-------------------------+-------+-------++-------
Melee: War axe           |   113 |     2 ||   115
  Use: Potion            |       |     2 ||     2
       Scroll            |       |     1 ||     1
  Eat: Chunk             |     1 |       ||     1
